 Dungeon Crawl Stone Soup version 0.23-a0-358-g98c7a59 (webtiles) character file.

2310 namelastname112 the Cleaver (level 9, -1/79 HPs)
             Began as a Pale Draconian Wanderer on Oct 22, 2018.
             Was an Initiate of Gozag.
             Slain by an ice beast (11 damage)
             ... on level 7 of the Dungeon.
             The game lasted 00:10:22 (6024 turns).

namelastname112 the Cleaver (DrWn)                  Turns: 6024, Time: 00:10:23

Health: -1/79      AC: 10    Str: 14    XL:     9   Next: 18%
Magic:  9/9        EV: 16    Int: 15    God:    Gozag
Gold:   208        SH:  0    Dex: 16    Spells: 8/8 levels left

rFire    . . .     SeeInvis .   a - +2 hand axe
rCold    . . .     Gourm    .   (no shield)
rNeg     . . .     Faith    .   (armour unavailable)
rPois    .         Spirit   .   u - +1 hat
rElec    .         Reflect  .   b - +0 cloak
rCorr    .         Harm     .   f - +0 pair of gloves
MR       .....                  (no boots)
Stlth    ++........             (no amulet)
HPRegen  0.23/turn              w - +4 ring of intelligence
MPRegen  0.11/turn              (no ring)

@: lethally poisoned (-1 -> -10)
A: breathe steam, unfitting armour, cold-blooded, AC +7
a: Breathe Steam, Potion Petition, Call Merchant, Bribe Branch, Renounce
Religion


You were on level 7 of the Dungeon.
You worshipped Gozag.
Gozag was aware of your devotion.
You were hungry.

You visited 1 branch of the dungeon, and saw 7 of its levels.

You collected 984 gold pieces.
You spent 97 gold pieces at shops.
You paid 679 gold pieces to Gozag.

Inventory:

Hand Weapons
 a - a +2 hand axe (weapon)
Armour
 b - a +0 cloak (worn)
 f - a +0 pair of gloves (worn)
 u - a +1 hat (worn)
Jewellery
 d - an uncursed ring of protection from magic
 w - a +4 ring of intelligence (left hand)
Wands
 i - a wand of iceblast (8)
 o - a wand of random effects (59)
 p - a wand of enslavement (6)
 t - a wand of polymorph (16)
Scrolls
 c - 3 scrolls of teleportation
 e - 6 scrolls of identify {unknown}
 k - 6 scrolls of remove curse {unknown}
 m - 2 scrolls of fog {unknown}
 n - a scroll of immolation {unknown}
 r - a scroll of blinking
 v - a scroll of vulnerability {unknown}
 x - a scroll of random uselessness {unknown}
Potions
 g - a potion of haste
 h - a potion of flight
 l - 3 potions of might
 q - 2 potions of degeneration {unknown}
 s - a potion of berserk rage {unknown}
 z - a potion of magic {unknown}


   Skills:
 + Level 7.0 Fighting
   Level 2.0 Short Blades
 * Level 8.9 Axes
 + Level 5.9 Dodging
 - Level 1.0 Stealth
 - Level 1.1 Evocations


You had 8 spell levels left.
You didn't know any spells.
Your spell library contained the following spells:

 Spells                   Type           Power        Failure   Level  Hunger
 Confusing Touch          Hex            #.....       26%         1    ##.....
 Summon Small Mammal      Summ           #...         26%         1    ##.....
 Call Imp                 Summ           #.......     38%         2    ###....
 Call Canine Familiar     Summ           #.......     63%         3    ####...
 Confuse                  Hex            #.......     63%         3    ####...
 Gell's Gravitas          Tloc           #.........   63%         3    ####...
 Summon Guardian Golem    Hex/Summ       #.......     63%         3    ####...
 Petrify                  Tmut/Erth      #.......     95%         4    #####..
 Summon Ice Beast         Ice/Summ       #.......     95%         4    #####..
 Summon Lightning Spire   Summ/Air       #.......     95%         4    #####..
 Metabolic Englaciation   Hex/Ice        #.........   100%        5    ######.
 Yara's Violent Unravell  Hex/Tmut       #.........   100%        5    ######.


Dungeon Overview and Level Annotations

Branches:
Dungeon (7/15)             Temple (0/1) D:6

Altars:
Gozag
Ru
Wu Jian

Shops:
D:4 ?(?   D:6 ?(


Innate Abilities, Weirdness & Mutations

You can breathe blasts of scalding, opaque steam.
Your pale cyan-grey scales are hard. (AC +7)
You cannot fit into any form of body armour.
You are cold-blooded and may be slowed by cold attacks.


Message History

You are too injured to fight recklessly!
You are too injured to fight recklessly!
You are too injured to fight recklessly!
You are too injured to fight recklessly!
You barely miss the killer bee.
Your tail-slap misses the killer bee.
The killer bee is moderately wounded.
You hit the ice beast.
You feel sick. The killer bee misses you. The ice beast misses you.
The killer bee stings you!
* * * LOW HITPOINT WARNING * * *
You are more poisoned.
The killer bee poisons you!
You take 11 damage, and have 14/79 hp.
You hit the killer bee. You tail-slap the killer bee.
The killer bee is heavily wounded.
You hit the ice beast.
You feel sick. The killer bee barely misses you. The ice beast hits you.
* * * LOW HITPOINT WARNING * * *
The ice beast freezes you!
You die...
Your body crumbles into a pile of gold.

.......... .$........
#.<..$...##
..........#
..........#
..........######
......Yy.......#
.......@..####.## #h
#........###...)##...
$
.........###.........
##.........#$....#..ยง
#....................
#.............$......
#........$.##.####...
#..........##.# .
#.............#


You could see an ice beast and a killer bee.

Vanquished Creatures
  Prince Ribbit (D:7)
  An orc warrior (D:4)
  2 ice beasts
  A phantom (D:6)
  3 ogres
  A centaur (D:6)
  A big kobold (D:5)
  4 bullfrogs
  2 scorpions (D:4)
  A water moccasin skeleton (D:6)
  2 howler monkeys (D:5)
  3 crimson imps
  2 jellies
  A quasit (D:7)
  A centaur zombie (D:7)
  A gnoll shaman (D:5)
  4 hounds (D:6)
  A bullfrog skeleton (D:4)
  3 orc wizards
  Crazy Yiuf (D:4)
  Ijyb (D:4)
  4 iguanas
  A worker ant (D:7)
  A hound skeleton (D:6)
  3 gnolls (D:5)
  7 adders
  3 oozes
  3 worms
  A dart slug (D:3)
  5 leopard geckos
  17 orcs
  9 bats
  3 giant cockroaches
  4 goblins
  5 hobgoblins
  17 jackals
  11 kobolds
  3 quokkas
  A ball python (D:3)
  5 frilled lizards
  7 rats
  A butterfly (D:6)
148 creatures vanquished.

Vanquished Creatures (others)
  A plant (D:5)
1 creature vanquished.

Grand Total: 149 creatures vanquished

Notes
Turn   | Place    | Note
-------+----------+-------------------------------------------
     0 | D:1      | namelastname112 the Draconian Wanderer began the quest for
                  | the Orb.
     0 | D:1      | namelastname112 set off with: a +2 hand axe, a +0 short
                  | sword, a scroll of teleportation, a ration
     0 | D:1      | Reached XP level 1. HP: 17/17 MP: 1/1
   233 | D:1      | Reached XP level 2. HP: 14/25 MP: 2/2
   669 | D:2      | Reached XP level 3. HP: 22/30 MP: 3/3
   863 | D:2      | Found an opulent altar of Gozag.
   873 | D:2      | Reached skill level 3 in Axes
   879 | D:2      | Became a worshipper of Gozag Ym Sagoz the Greedy
  1354 | D:3      | Reached XP level 4. HP: 34/38 MP: 4/4
  1519 | D:3      | Reached skill level 4 in Axes
  1519 | D:3      | Reached XP level 5. HP: 9/45 MP: 5/5
  2278 | D:4      | HP: 2/46 [poisoned by an adder]
  2282 | D:4      | Reached XP level 6. HP: 5/52 MP: 6/6
  2719 | D:4      | Noticed an orc warrior
  2741 | D:4      | Found a sacrificial altar of Ru.
  2850 | D:4      | Noticed Ijyb
  2883 | D:4      | Killed Ijyb
  2883 | D:4      | Reached skill level 5 in Axes
  2915 | D:4      | Found Niecluy's Magic Scroll Shop.
  2930 | D:4      | Found Naif's Weapon Emporium.
  3057 | D:4      | Your scales start taking on a pale cyan-grey colour.
  3057 | D:4      | Reached XP level 7. HP: 28/60 MP: 7/7
  3148 | D:4      | Found Jiwuh's Magic Scroll Shoppe.
  3159 | D:4      | Bought a scroll of blinking for 97 gold pieces
  3168 | D:4      | Found a runed door.
  3172 | D:4      | Noticed Crazy Yiuf
  3176 | D:4      | Killed Crazy Yiuf
  3460 | D:4      | Reached skill level 5 in Fighting
  3460 | D:4      | Reached skill level 6 in Axes
  3491 | D:5      | Entered Level 5 of the Dungeon
  4027 | D:5      | Reached XP level 8. HP: 46/69 MP: 8/8
  4283 | D:5      | Reached skill level 7 in Axes
  4877 | D:6      | Found a staircase to the Ecumenical Temple.
  4889 | D:6      | Reached skill level 5 in Dodging
  4907 | D:6      | Found Jongika's Magic Scroll Boutique.
  5016 | D:6      | Found an ornate altar of the Wu Jian Council.
  5224 | D:6      | Reached skill level 8 in Axes
  5686 | D:7      | Reached XP level 9. HP: 57/78 MP: 9/9
  5719 | D:7      | Noticed Prince Ribbit
  5997 | D:7      | Killed Prince Ribbit
  6024 | D:7      | Slain by an ice beast

Vault maps used:
D:1:      ncdulo_lavacross
D:2:      nicolae_gozag_seed_capital
D:3:      due_unseen_surprise
D:4:      kennysheep_mini, first_ration, serial_shops,
          nicolae_shop_window_shopping, shop, shop, uniq_ijyb,
          uniq_crazy_yiuf_cottage
D:5:      lexackson_kobold_supper
D:6:      nicolae_overflow_crystal_walls, minmay_temple_entry_butterflies,
          serial_shops, kennysheep_mini_moat
D:7:      serial_shops, shop, uniq_prince_ribbit1, uniq_duvessa

Skill      XL: |  1  2  3  4  5  6  7  8  9 |
---------------+----------------------------+-----
Dodging        | 2 3 4 5 |  5.9
Axes           | 3 4 5 6 8 |  8.9
Fighting       | 3 4 5 6 7 |  7.0
Short Blades   | |  2.0
Stealth        | |  1.0
Evocations     | |  1.1

Action                   |  1- 3 |  4- 6 |  7- 9 || total
-------------------------+-------+-------+-------++-------
Melee: Hand axe          |    72 |   185 |   292 ||   549
       Tailslap          |     6 |    21 |    41 ||    68
Invok: Call Merchant     |       |       |     1 ||     1
 Abil: Breathe Steam     |       |       |     7 ||     7
Evoke: Wand              |       |     4 |       ||     4
  Use: Potion            |       |     4 |       ||     4
 Stab: Sleeping          |     1 |     2 |     5 ||     8
       Distracted        |       |       |     2 ||     2
  Eat: Ration            |     1 |     1 |     3 ||     5
Armor: Skin              |    34 |    80 |    79 ||   193
Dodge: Dodged            |    49 |   153 |   248 ||   450

Table legend:
 A = Non-vault XP
 B = Vault XP
 C = Vault XP percentage of total XP
 D = Non-vault monster count
 E = Vault monster count
 F = Vault count percentage of total count
                 A         B        C        D         E       F
            +---------+---------+-------+---------+---------+-------
      Total |    2873 |     428 |  13.0 |     137 |      10 |   6.8
            +---------+---------+-------+---------+---------+-------
        D:1 |      28 |       0 |   0.0 |      14 |       0 |   0.0
        D:2 |      67 |       0 |   0.0 |      21 |       0 |   0.0
        D:3 |     184 |       0 |   0.0 |      30 |       0 |   0.0
        D:4 |     670 |      77 |  10.3 |      33 |       2 |   5.7
        D:5 |     451 |     114 |  20.2 |      10 |       7 |  41.2
        D:6 |    1080 |       0 |   0.0 |      21 |       0 |   0.0
        D:7 |     393 |     237 |  37.6 |       8 |       1 |  11.1
            +---------+---------+-------+---------+---------+-------
